 Dungeon Crawl Stone Soup version 0.25-a0-100-g33052ceff8 (console) character file.

Game seed: 5704280195679323178, levelgen mode: deterministic

32 Kagalorn the Magician (level 3, -2/25 HPs)
             Began as a Gnoll Wanderer on Nov 15, 2019.
             Was a Follower of Wu Jian.
             Slain by an ogre
             ... wielding a +0 giant club
              (21 damage)
             ... on level 2 of the Dungeon.
             The game lasted 00:03:56 (1129 turns).

Kagalorn the Magician (Gnoll Wanderer)              Turns: 1129, Time: 00:03:56

Health: -2/25      AC:  2    Str: 15    XL:     3   Next: 25%
Magic:  9/9        EV: 14    Int: 15    God:    Wu Jian [*.....]
Gold:   39         SH:  0    Dex: 13    Spells: 12/12 levels left

rFire    . . .     SeeInvis .   a - +2 dagger
rCold    . . .     Gourm    .   (no shield)
rNeg     . . .     Faith    .   e - +0 robe
rPois    .         Spirit   .   (no helmet)
rElec    .         Reflect  .   (no cloak)
rCorr    .         Harm     .   (no gloves)
MR       .....                  (no boots)
Stlth    +++.......             (no amulet)
HPRegen  0.08/turn              (no ring)
MPRegen  0.11/turn              (no ring)

@: no status effects
A: distributed training, fangs 1, strong nose
a: Renounce Religion


You were on level 2 of the Dungeon.
You worshipped Wu Jian.
Wu Jian was aware of your devotion.
You were hungry.

You visited 1 branch of the dungeon, and saw 2 of its levels.

You collected 39 gold pieces.

Inventory:

Hand Weapons
 a - a +2 dagger (weapon)
 d - a +0 short sword
Missiles
 g - 21 stones (quivered)
 j - 21 sling bullets
Armour
 e - a +0 robe (worn)
Scrolls
 b - a scroll of blinking
 c - 2 scrolls of teleportation
 h - 2 scrolls of noise {unknown}
 i - a scroll of immolation {unknown}
Comestibles
 f - a ration


   Skills:
 + Level 0.6 Fighting
 + Level 2.5 Short Blades
 + Level 0.6 Long Blades
 + Level 0.6 Axes
 + Level 0.6 Maces & Flails
 + Level 0.6 Polearms
 + Level 0.6 Staves
 + Level 0.6 Slings
 + Level 0.6 Bows
 + Level 0.6 Crossbows
 + Level 2.5 Throwing
 + Level 0.6 Armour
 + Level 4.5 Dodging
 + Level 4.1 Stealth
 + Level 2.5 Shields
 + Level 0.6 Unarmed Combat
 + Level 5.0 Spellcasting
 + Level 0.4 Conjurations
 + Level 0.4 Hexes
 + Level 0.4 Charms
 + Level 0.4 Summonings
 + Level 0.4 Necromancy
 + Level 2.1 Translocations
 + Level 0.4 Transmutations
 + Level 0.4 Fire Magic
 + Level 0.4 Ice Magic
 + Level 0.4 Air Magic
 + Level 0.4 Earth Magic
 + Level 0.4 Poison Magic
 + Level 0.8 Invocations
 + Level 0.6 Evocations


You had 12 spell levels left.
You didn't know any spells.
Your spell library was empty.

Dungeon Overview and Level Annotations

Branches:
Dungeon (2/15)

Altars:
Wu Jian

Annotations:
D:2 Terence


Innate Abilities, Weirdness & Mutations

Your experience applies equally to all skills.
You have very sharp teeth.
Your uncanny sense of smell can sniff out nearby items.


Message History

There is a faded altar of an unknown god here.
You cannot tell which god this altar belongs to.
Convert to them anyway?
Okay, then.
You cannot tell which god this altar belongs to.
Convert to them anyway?
Wu Jian accepts your prayer! The Council welcomes you!
You can now perform damaging attacks by moving towards foes.
You can now lightly attack and pin monsters in place by moving around them.
Unknown command.
Press < or > to pray at altars.
Okay, then.
Found a scroll labeled GAHENE IHUHU.
You hit the ogre but do no damage.
The kobold throws a stone.
The stone hits you. The ogre closely misses you.
You hit the ogre.
The ogre is lightly wounded.
The ooze hits you.
The ogre hits you with a +0 giant club!!
Ouch! That really hurt!
You die...

###..######.######
K...###..#.......#
..J......#.......#
.######..........#
.# #>..#.K....# .#
#..#_#.....# .#
####...#......#
.###...........J.#
......####.....O@#
####..s..[.#..####
###..####.....#
..[.####......#
...J..##..##..#
#####.........##
##.%#.#)...#
##.#.#.#..##
#..#..........


You could see an ogre, an ooze and a kobold.

Vanquished Creatures
  An ooze (D:1)
  2 dart slugs (D:1)
  3 bats (D:1)
  2 giant cockroaches
  A goblin (D:1)
  A hobgoblin (D:2)
  6 kobolds (D:1)
  2 frilled lizards
  7 rats
25 creatures vanquished.

Notes
Turn   | Place    | Note
-------+----------+-------------------------------------------
     0 | D:1      | Kagalorn the Gnoll Wanderer began the quest for the Orb.
     0 | D:1      | Kagalorn set off with the following items: a +2 dagger, a
                  | scroll of blinking, a scroll of teleportation, a +0 short
                  | sword, a +0 robe, a ration
     0 | D:1      | Reached XP level 1. HP: 13/13 MP: 6/6
    67 | D:1      | Reached XP level 2. HP: 17/19 MP: 7/7
   403 | D:1      | Reached XP level 3. HP: 25/25 MP: 9/9
   439 | D:1      | Reached skill level 5 in Spellcasting
   742 | D:2      | Noticed Terence
   757 | D:2      | Found a faded altar of an unknown god.
  1092 | D:2      | Noticed an ogre
  1119 | D:2      | Became a worshipper of the Wu Jian Council
  1119 | D:2      | Reached * piety under Wu Jian
  1129 | D:2      | Slain by an ogre

Levels and vault maps discovered:
D:1:      ncdulo_wetmaze, layout_loops_ring, chequers_serial_rivers_large_a
D:2:      layout_rooms, first_ration, chequers_ecumenical_altar_simple,
          uniq_terence, uniq_jessica

Skill      XL: |  1  2  3 |
---------------+----------+-----
Translocations | 2 |  2.1
Spellcasting   | 5 |  5.0
Fighting       | |  0.6
Short Blades   | |  2.5
Long Blades    | |  0.6
Axes           | |  0.6
Maces & Flails | |  0.6
Polearms       | |  0.6
Staves         | |  0.6
Slings         | |  0.6
Bows           | |  0.6
Crossbows      | |  0.6
Throwing       | |  2.5
Armour         | |  0.6
Dodging        | |  4.5
Stealth        | |  4.1
Shields        | |  2.5
Unarmed Combat | |  0.6
Conjurations   | |  0.4
Hexes          | |  0.4
Charms         | |  0.4
Summonings     | |  0.4
Necromancy     | |  0.4
Transmutations | |  0.4
Fire Magic     | |  0.4
Ice Magic      | |  0.4
Air Magic      | |  0.4
Earth Magic    | |  0.4
Poison Magic   | |  0.4
Invocations    | |  0.8
Evocations     | |  0.6

Action                   || total
-------------------------++-------
Melee: Dagger            ||    66
       Bite              ||     2
 Stab: Sleeping          ||     9
Armor: Robe              ||    13
Dodge: Dodged            ||    41

Table legend:
 A = Non-vault XP
 B = Vault XP
 C = Vault XP percentage of total XP
 D = Non-vault monster count
 E = Vault monster count
 F = Vault count percentage of total count
                 A         B        C        D         E       F
            +---------+---------+-------+---------+---------+-------
      Total |      46 |       0 |   0.0 |      25 |       0 |   0.0
            +---------+---------+-------+---------+---------+-------
        D:1 |      40 |       0 |   0.0 |      21 |       0 |   0.0
        D:2 |       6 |       0 |   0.0 |       4 |       0 |   0.0
            +---------+---------+-------+---------+---------+-------
